 Dungeon Crawl Stone Soup version 0.30-a0-760-g5a9884bb7c (webtiles) character file.

Game seed: 12153097837477497360

43 theblackgale the Firebug (level 3, 0/24 HPs)
             Began as a Demonspawn Fire Elementalist on Feb 10, 2023.
             Succumbed to an adder's poison
             ... on level 2 of the Dungeon.
             The game lasted 00:07:58 (778 turns).

theblackgale the Firebug (DsFE)                      Turns: 778, Time: 00:07:59

Health: 0/24       AC:  3    Str:  7 (8)  XL:     3   Next: 37%
Magic:  1/6        EV: 12    Int: 17 (18) God:
Gold:   69         SH:  0    Dex: 11 (13) Spells: 5/6 levels left

rFire   . . .      SeeInvis .    (no weapon)
rCold   . . .      Faith    .    (no shield)
rNeg    . . .      Spirit   .    a - +1 robe
rPois   .          Reflect  .    (helmet restricted)
rElec   .          Harm     .    (no cloak)
rCorr   .          Rampage  .    (no gloves)
Will    .....                    (no boots)
Stlth   ++                       (no amulet)
HPRegen 0.24/turn                (no ring)
MPRegen 0.10/turn                (no ring)

@: lethally poisoned (0 -> -4)
A: horns 1
a: no special abilities


You were on level 2 of the Dungeon.
You visited 1 branch of the dungeon, and saw 2 of its levels.

You collected 69 gold pieces.

Inventory:

Armour
 a - a +1 robe (worn)
Potions
 b - a potion of magic


   Skills:
 + Level 2.0 Dodging
 + Level 2.1 Stealth
 + Level 0.2 Unarmed Combat
 + Level 2.2 Spellcasting
 + Level 1.4 Conjurations
 + Level 3.3 Fire Magic


You had 5 spell levels left.
You knew the following spells:

 Your Spells              Type           Power      Damage    Failure   Level
a - Foxfire               Conj/Fire      36%        2x1d5     7%          1

Your spell library contained the following spells:

 Spells                   Type           Power      Damage    Failure   Level
 Scorch                   Fire           26%        2d6       8%          2
 Inner Flame              Hex/Fire       7%         N/A       28%         3
 Kindle Blastsparks       Fire/Tloc/Air  10%        2d10      34%         3
 Flame Wave               Conj/Fire      9%         2d6       56%         4


Dungeon Overview and Level Annotations

Branches:
Dungeon (2/15)

Altars:


Innate Abilities, Weirdness & Mutations

You have a pair of small horns on your head.


Message History

You hit the adder but do no damage.
The adder is moderately wounded.
You feel sick. The adder bites you.
You barely miss the adder.
The adder is moderately wounded.
The adder closely misses you.
You closely miss the adder.
The adder is moderately wounded.
You feel sick. The adder misses you.
Your magical contamination has completely faded away.
You feel sick.
You see here 5 gold pieces.
You feel sick.
Your extra speed is starting to run out.
You feel sick.
A goblin comes into view. It is wielding a +0 club.
You feel sick.
You are no longer poisoned.
Casting: Foxfire (safe; 7% risk of failure)
Confirm with . or Enter, or press ? or * to list all spells.
You conjure some foxfire!
The foxfire hits the adder.
The adder is heavily wounded.
The foxfire hits the adder.
The adder is severely wounded.
You miss the adder.
The adder is severely wounded.
The adder bites you. The adder bites you.
* * * LOW HITPOINT WARNING * * *
You feel yourself slow down. The adder bites you.
* * * LOW HITPOINT WARNING * * *
The adder bites you.
* * * LOW HITPOINT WARNING * * *
You are poisoned.
The adder poisons you! The adder bites you.
* * * LOW HITPOINT WARNING * * *
The adder attacks as you move away! The adder barely misses you.
You die...

#.# #.# .# #.# .#
#.# #.##
#.#####.####...####
#............#....
#########.##.....#
##......#.##. #
#...@.....###.##
#.S.###).......#
#...##..........
#...##..$.###..#
#...###..## ..
#.........#
##.......##
#........#
####..........


You could see an adder.

Vanquished Creatures
  A gnoll (D:1)
  2 dart slugs (D:1)
  An endoplasm (D:2)
  2 giant cockroaches (D:1)
  3 goblins
  2 hobgoblins
  9 jackals
  3 ball pythons (D:1)
  A bat (D:1)
  A kobold (D:1)
25 creatures vanquished.

Vanquished Creatures (others)
  45 foxfires
45 creatures vanquished.

Grand Total: 70 creatures vanquished

Notes
Turn   | Place    | Note
-------+----------+-------------------------------------------
     0 | D:1      | theblackgale the Demonspawn Fire Elementalist began the
                  | quest for the Orb.
     0 | D:1      | Reached XP level 1. HP: 13/13 MP: 3/3
    76 | D:1      | Reached skill level 3 in Fire Magic
    76 | D:1      | Gained mutation: You have a pair of small horns on your
                  | head. [demonic ancestry]
    76 | D:1      | Reached XP level 2. HP: 19/19 MP: 0/5
   498 | D:1      | Reached XP level 3. HP: 17/24 MP: 1/6
   777 | D:2      | HP: 1/24 [adder (4)]
   778 | D:2      | Succumbed to an adder's poison

Illustrated notes

Levels and vault maps discovered:
D:1:      lemuel_arrival_funnel, layout_basic, minmay_tripent
D:2:      layout_loops_ring, serial_shops, nicolae_shop_window_shopping,
          hellmonk_ecumenical_altar_prayer_group, hangedman_decor_growths,
          uniq_natasha, uniq_sigmund

Skill      XL: |  1  2 |
---------------+-------+-----
Stealth        | 2 |  2.1
Fire Magic     | 3 |  3.3
Dodging        | 2 |  2.0
Unarmed Combat | |  0.2
Spellcasting   | |  2.2
Conjurations   | |  1.4

Action                     || total
---------------------------++-------
  Melee: Unarmed           ||    47
         Headbutt          ||     7
   Cast: Foxfire           ||    32
    Use: Potion            ||     8
         Scroll            ||     7
 Armour: Robe              ||    38
  Dodge: Dodged            ||    67

Table legend: (Time is in decaauts)
 A = Elapsed time spent in this place.
 B = Non-inter-level travel time spent in this place.
 C = Inter-level travel time spent in this place.
 D = Time resting spent in this place.
 E = Time spent auto-exploring this place.
 F = Levels seen in this place.
 G = Mean time per level.
                   A        B        C        D        E       F      G
               +--------+--------+--------+--------+--------+-----+--------+
         Total |    738 |    250 |    488 |     62 |      0 |   2 |  369.0 |
       Dungeon |    738 |    250 |    488 |     62 |      0 |   2 |  369.0 |
               +--------+--------+--------+--------+--------+-----+--------+

Top non-repeatable levels by time:
     D:1: 631 daAuts
     D:2: 106 daAuts
